 Dungeon Crawl Stone Soup version 0.28-a0-973-ga7f8b01127 (console) character file.

Game seed: 7680816576298652462

3493 petzl the Covert (level 10, -6/67 HPs)
             Began as an Octopode Arcane Marksman on Dec 2, 2021.
             Was a Believer of Vehumet.
             Mangled by a centaur warrior (15 damage)
             ... on level 8 of the Dungeon.
             The game lasted 01:00:07 (12182 turns).

petzl the Covert (Octopode Arcane Marksman)        Turns: 12182, Time: 01:00:08

Health: -6/67      AC:  1    Str: 19    XL:     10   Next: 7%
Magic:  30/30      EV: 14    Int: 20    God:    Vehumet [**....]
Gold:   153        SH:  8    Dex: 18    Spells: 4/21 levels left

rFire   . . .      SeeInvis .   c - +8 whip "Arek" {vorpal, Int+4}
rCold   . . .      Faith    .   z - +3 buckler
rNeg    . . .      Spirit   .   (helmet restricted)
rPois   .          Reflect  .   k - amulet of Qaaw {Regen+ MP+9 Str+9 Int-3 Dex+5}
rElec   .          Harm     .   g - ring of wizardry
rCorr   .          Rampage  .   (no ring)
Will    .....      Clarity  +   (no ring)
Stlth   +++++.....              (no ring)
HPRegen 1.01/turn               (no ring)
MPRegen 0.22/turn               (no ring)
                                (no ring)
                                (no ring)

@: no status effects
A: almost no armour, amphibious, 8 rings, camouflage 1, gelatinous body 1,
(nimble swimmer 1), tentacles, clarity, high mp 1
a: Renounce Religion


You were on level 8 of the Dungeon.
You worshipped Vehumet.
Vehumet was pleased with you.
You visited 2 branches of the dungeon, and saw 9 of its levels.
You also visited: Sewer.

You collected 1570 gold pieces.
You spent 1417 gold pieces at shops.

Inventory:

Hand Weapons
 a - a +0 hand crossbow
 b - a +2 dagger of venom {!f =f}
 c - the +8 whip "Arek" (weapon) {vorpal, Int+4}
   (You found it on level 5 of the Dungeon)

   It inflicts extra damage upon your enemies.
   Int:       It affects your intelligence (+4).
 d - a +1 falchion of holy wrath
 j - a +1 hand axe of freezing {!f =f}
 s - a +2 hand axe of flaming {!f =f}
 G - a +4 scimitar of freezing
Missiles
 o - 2 throwing nets (quivered)
 B - 24 bolts
 D - 22 poisoned darts
Armour
 z - a +3 buckler (worn)
Jewellery
 g - a ring of wizardry (left tentacle)
 k - the amulet of Qaaw (around mantle) {Regen+ MP+9 Str+9 Int-3 Dex+5}
   (You bought it in a shop on level 5 of the Dungeon)

   [amulet of regeneration]

   Str:       It affects your strength (+9).
   Int:       It affects your intelligence (-3).
   Dex:       It affects your dexterity (+5).
   MP:        It affects your magic capacity (+9).
   Regen:     It increases your rate of health regeneration.
 y - an amulet of the acrobat
Wands
 i - a wand of iceblast (2)
Scrolls
 e - a scroll of noise {unknown}
 h - 2 scrolls of fear
 l - 6 scrolls of teleportation
 n - 2 scrolls of amnesia
 r - 3 scrolls of fog
 u - 2 scrolls of blinking
 C - a scroll of brand weapon {unknown}
 E - 2 scrolls of immolation
Potions
 f - 4 potions of curing
 m - 3 potions of mutation
 q - 3 potions of haste {unknown}
 t - a potion of heal wounds {unknown}
 v - 2 potions of cancellation {unknown}
 w - a potion of berserk rage {unknown}
 x - a potion of experience {unknown}
 A - a potion of brilliance {unknown}
 F - a potion of lignification {unknown}


   Skills:
 + Level 5.6 Fighting
 - Level 3.3 Crossbows
 - Level 3.3 Dodging
 * Level 9.1 Stealth
 - Level 4.0 Shields
 + Level 6.2 Spellcasting
 * Level 3.3 Conjurations
 - Level 3.0 Hexes
 - Level 3.0 Summonings
 - Level 4.0 Translocations
 - Level 1.1 Ice Magic


You had 4 spell levels left.
You knew the following spells:

 Your Spells              Type           Power      Damage    Failure   Level
a - Slow                  Hex            72%        N/A       1%          1
b - Freeze                Ice            40%        1d6       2%          1
c - Lehudib's Crystal Sp  Conj/Erth      6%         10d3      100%        8
m - Summon Small Mammal   Summ           72%        N/A       1%          1
B - Blink                 Tloc           44%        N/A       1%          2
P - Passage of Golubria   Tloc           22%        N/A       9%          4

Your spell library contained the following spells:

 Spells                   Type           Power      Damage    Failure   Level
 Sandblast                Erth           12%        2d6       4%          1
 Lesser Beckoning         Tloc           22%        N/A       2%          3
 Call Canine Familiar     Summ           18%        N/A       3%          3
 Portal Projectile        Hex/Tloc       40%        N/A       3%          3
 Summon Guardian Golem    Hex/Summ       18%        N/A       3%          3
 Inner Flame              Hex/Fire       12%        N/A       7%          3
 Cause Fear               Hex            9%         N/A       12%         4
 Manifold Assault         Tloc           22%        N/A       22%         5
 Silence                  Hex/Air        6%         N/A       50%         5


Dungeon Overview and Level Annotations

Branches:
Dungeon (8/15)             Temple (1/1) D:4           Sewer (visited)
   Lair: D:8-11

Altars:
Ashenzari
Cheibriados
Dithmenos
Elyvilon
Fedhas
Gozag
Hepliaklqana
Kikubaaqudgha
Makhleb
Nemelex Xobeh
Okawaru
Qazlal
Ru
Sif Muna
Trog
Uskayaw
Vehumet
Wu Jian
Xom
Yredelemnul
Zin
The Shining One

Shops:
D:5 =   D:6 [

Annotations:
D:7 Harold, Joseph
D:8 exclusions: door and hydra


Innate Abilities, Weirdness & Mutations

You cannot wear most types of armour.
You are amphibious.
You can wear up to eight rings at the same time.
Your skin changes colour to match your surroundings (Stealth+).
Your rubbery body absorbs attacks. (AC +1, EV +1)
((You are camouflaged near water. (Stealth+)))
You have tentacles for arms and can constrict up to eight enemies at once.
You possess an exceptional clarity of mind.
You have an increased reservoir of magic. (+10% MP)


Message History

A centaur warrior is nearby!
Your +2 dagger of venom {!f =f} begins to drip with poison!
b - a +2 dagger of venom (weapon)
{!f =f} You block the centaur warrior's attack.
The centaur warrior kicks you. The centaur warrior hits you!
The centaur warrior misses you.
You hit the centaur warrior but do no damage.
The centaur warrior is poisoned.
You squeeze the centaur warrior.
The centaur warrior is lightly wounded.
The centaur warrior barely misses you. The centaur warrior kicks you.
You hit the centaur warrior but do no damage.
The centaur warrior looks as sick as possible!
The centaur warrior is lightly wounded.
The centaur warrior completely misses you.
The centaur warrior barely misses you. The centaur warrior closely misses you.
You block the centaur warrior's attack.
Your +2 dagger of venom {!f =f} stops dripping with poison.
You feel clever.
c - the +8 whip "Arek" (weapon)
{vorpal, Int+4} The centaur warrior completely misses you.
The centaur warrior kicks you but does no damage.
You closely miss the centaur warrior.
The centaur warrior is lightly wounded.
The centaur warrior hits you.
The centaur warrior kicks you but does no damage.
You hit the centaur warrior.
Your squeeze misses the centaur warrior.
The centaur warrior is moderately wounded.
You block the centaur warrior's attack. The centaur warrior misses you.
The centaur warrior hits you! The centaur warrior misses you.
You hit the centaur warrior.
The centaur warrior is heavily wounded.
The centaur warrior hits you! The centaur warrior kicks you.
The centaur warrior hits you!
* * * LOW HITPOINT WARNING * * *
You block the centaur warrior's attack.
You feel better. The centaur warrior hits you.
* * * LOW HITPOINT WARNING * * *
The centaur warrior kicks you but does no damage.
You feel better. The centaur warrior hits you!
* * * LOW HITPOINT WARNING * * *
The centaur warrior kicks you.
* * * LOW HITPOINT WARNING * * *
The centaur warrior hits you!
You die...

...#.######.# ............#
##.#.######.# #.#.# ##.#.######.#
............. .....######.# ##.#.#
##.#.######.#.# ...............
............... . . ............#.#
###...## .#.#........... ......#
.#.#.#####.#### #..#.# .#.#.# .#
###..#.## ...... . ....... ...... ..
#..#.##### .#.#. ..###..#.....########
.# # ..>.....c@............# .# #
...###..#.###.######.# .#.#.
#....#..#.........# ..... #
#....#..#.###.##### .###. #.
#....#..#.###.######.#
.############..##..#.................#
...#..+.... #...........#.###.########
...#DK#K.. #..##.........# #.#
####+###+++##..##..#.#..#.# #.# .
#.≈P.....#...#..#.#.[#.###.###### ..
#P≈≈.♣.♣.#...#..#.#..)..........#
...#≈)≈..♣..#...#..#.#[.#.###.######
...#P≈..♣.♣.#...#..#.#).#.###.#
...#PP≈..≈..#........)......#.# #
#####.####...#..###..#.###.#
####.#.#..#.....#..###..#.###.#
.......##.#...................#
####.#..........##.###..#.###.#
####.#.##.#........#.......##.###.#


You could see a centaur warrior (very poisoned).

Vanquished Creatures
  Pikel (D:4)
  Maggie (D:7)
  Duvessa (D:4)
  Edmund (D:5)
  A water moccasin (D:7)
  2 ice beasts
  A sky beast (D:6)
  A black bear (D:8)
  2 ogres
  A necrophage (D:6)
  A centaur (D:8)
  3 lemures
  3 phantoms
  2 kobold brigands
  2 bullfrogs
  Blork the orc (D:4)
  A scorpion (D:5)
  Dowan (D:4)
  8 wights
  A bullfrog zombie (D:6)
  2 centaur zombies
  3 hounds
  A bullfrog skeleton (D:6)
  A gnoll shaman (D:6)
  3 iron imps (D:3)
  Natasha (thrice) (D:4)
  2 orc wizards (D:6)
  9 gnolls
  8 adders
  An ufetubus (D:7)
  2 worms (D:2)
  3 dart slugs
  27 orcs
  14 ball pythons
  7 endoplasms
  6 giant cockroaches
  7 goblins
  6 hobgoblins
  10 jackals
  22 kobolds
  7 quokkas
  A bat (D:3)
  8 frilled lizards
  7 rats
195 creatures vanquished.

Vanquished Creatures (others)
  A fungus (D:5)
  10 plants
  4 toadstools (D:5)
15 creatures vanquished.

Grand Total: 210 creatures vanquished

Notes
Turn   | Place    | Note
-------+----------+-------------------------------------------
     0 | D:1      | petzl the Octopode Arcane Marksman began the quest for the
                  | Orb.
     0 | D:1      | Reached XP level 1. HP: 13/13 MP: 2/2
   130 | D:1      | Found a faded altar of an unknown god.
   188 | D:1      | Reached XP level 2. HP: 18/18 MP: 3/3
   347 | D:1      | Reached skill level 1 in Stealth
  1093 | D:2      | Reached XP level 3. HP: 23/23 MP: 5/5
  1632 | D:2      | Reached skill level 2 in Stealth
  1652 | D:2      | Reached XP level 4. HP: 29/29 MP: 6/6
  2946 | D:3      | Learned a level 2 spell: Blink
  2948 | D:3      | Found a burning altar of Makhleb.
  2981 | D:3      | Reached XP level 5. HP: 30/34 MP: 5/8
  3004 | D:3      | Reached skill level 1 in Translocations
  3380 | D:4      | Noticed an ogre
  3477 | D:4      | Found a glowing drain.
  3532 | Sewer    | Entered a sewer
  3776 | Sewer    | Reached skill level 3 in Stealth
  4010 | Sewer    | Reached XP level 6. HP: 38/41 MP: 7/9
  4365 | D:4      | Noticed Duvessa
  4365 | D:4      | Noticed Dowan
  4443 | D:4      | Found a staircase to the Ecumenical Temple.
  4457 | Temple   | Entered the Ecumenical Temple
  4657 | Temple   | Became a worshipper of Vehumet
  5337 | D:4      | Noticed Blork the orc
  5338 | D:4      | Noticed Natasha
  5344 | D:5      | Entered Level 5 of the Dungeon
  5355 | D:4      | Killed Natasha
  5381 | D:4      | Killed Blork the orc
  5589 | D:4      | Reached XP level 7. HP: 45/45 MP: 8/10
  5696 | D:4      | Noticed Pikel
  5976 | D:5      | Found Xohiyhiz's Jewellery Shop.
  6293 | D:5      | Identified the +8 whip "Arek" {vorpal, Int+4}
  6579 | D:4      | Identified the +0 robe of True Grit {rF+++ Str+4}
  6589 | D:4      | Noticed Natasha
  6599 | D:4      | Killed Natasha
  6600 | D:4      | Reached skill level 1 in Shields
  6614 | D:4      | Reached skill level 4 in Stealth
  7005 | D:4      | Killed Pikel
  7006 | D:4      | Reached XP level 8. HP: 28/52 MP: 5/13
  7181 | D:4      | Noticed Natasha
  7194 | D:4      | Killed Natasha
  7674 | D:4      | Killed Duvessa
  7675 | D:4      | Reached skill level 5 in Stealth
  7686 | D:4      | Killed Dowan
  7814 | D:4      | Gained mutation: You possess an exceptional clarity of
                  | mind. [potion of mutation]
  7814 | D:4      | Gained mutation: You have an increased reservoir of magic.
                  | (+10% MP) [potion of mutation]
  8252 | D:6      | Found Nunnorum's Armour Boutique.
  8655 | D:6      | Reached skill level 6 in Stealth
  8782 | D:5      | Reached skill level 5 in Spellcasting
  8971 | D:6      | Noticed Edmund
  8996 | D:5      | Killed Edmund
  8997 | D:5      | Reached XP level 9. HP: 47/59 MP: 13/18
  9062 | D:6      | Reached * piety under Vehumet
  9062 | D:6      | Offered knowledge of Freeze by Vehumet.
  9070 | D:6      | Learned a level 1 spell: Freeze
  9462 | D:5      | Reached skill level 1 in Ice Magic
  9835 | D:6      | You fall into a shaft and drop 2 floors!
  9855 | D:8      | Noticed a six-headed hydra
  9859 | D:8      | Learned a level 1 spell: Summon Small Mammal
  9984 | D:8      | Learned a level 4 spell: Passage of Golubria
 10002 | D:8      | Reached skill level 7 in Stealth
 10037 | D:8      | Identified a scroll of acquirement
 10067 | D:8      | Reached skill level 1 in Summonings
 10287 | D:7      | Noticed Harold
 10331 | D:5      | Acquired 1025 gold pieces
 10333 | D:5      | Bought the amulet of Qaaw {Regen+ MP+9 Str+9 Int-3 Dex+5}
                  | for 1027 gold pieces
 10346 | D:5      | Bought a ring of wizardry for 390 gold pieces
 10356 | D:5      | Learned a level 8 spell: Lehudib's Crystal Spear
 10576 | D:6      | Reached skill level 5 in Fighting
 10596 | D:6      | Reached skill level 1 in Conjurations
 10679 | D:7      | Reached ** piety under Vehumet
 10695 | D:7      | Noticed Maggie
 10722 | D:6      | Offered knowledge of Sandblast by Vehumet.
 10808 | D:8      | Reached skill level 8 in Stealth
 10873 | D:8      | Noticed a three-headed hydra
 10927 | D:8      | Noticed a centaur warrior
 11043 | D:7      | Noticed Joseph
 11517 | D:7      | Killed Maggie
 11518 | D:7      | Reached XP level 10. HP: 58/66 MP: 21/21
 11659 | D:7      | Reached skill level 9 in Stealth
 12182 | D:8      | Mangled by a centaur warrior

Illustrated notes

Levels and vault maps discovered:
D:1:      dpeg_arrival_tiny_d, layout_basic,
          shapermc_ecumenical_altar_starsandcircs
D:2:      cheibrodos_helix_gallery, layout_loops_corners, serial_forest,
          infiniplex_forest_end_1, infiniplex_forest_lined_room_2,
          infiniplex_forest_end_3, infiniplex_forest_lined_3_way,
          infiniplex_forest_lined_1, kennysheep_donut, hex_tiny
D:3:      layout_rooms, demons_altar, minmay_misc_feat_alley
D:4:      layout_basic, minmay_temple_entry_glassed_door, gup_sewer_entry_pipe,
          uniq_duvessa, uniq_natasha, uniq_blork_the_orc, uniq_pikel
D:5:      layout_basic, serial_shops, nicolae_shop_trees,
          minmay_misc_feat_more_columns, hangedman_abyss_or_decor_passed,
          minmay_holes, minmay_gold_behind_fungi, nrook_campfire
D:6:      layout_rooms, serial_shops, shop, kennysheep_generic_room_8,
          uniq_edmund
D:7:      layout_cave_pools, uniq_harold, uniq_joseph, uniq_maggie
D:8:      layout_basic, lair_entry_dummy, hangedman_ranch
Temple:   mainiacjoe_temple_starburst

Skill      XL: |  1  2  3  4  5  6  7  8  9 10 |
---------------+-------------------------------+-----
Stealth        | 1 2 3 4 6 8 9 |  9.1
Fighting       | 2 3 4 5 |  5.6
Spellcasting   | 2 3 5 6 |  6.2
Translocations | 1 2 3 4 |  4.0
Dodging        | 3 |  3.3
Crossbows      | 3 |  3.3
Shields        | 2 4 |  4.0
Ice Magic      | 1 |  1.1
Summonings     | 2 3 |  3.0
Conjurations   | 3 |  3.3
Hexes          | |  3.0

Action                   |  1- 3 |  4- 6 |  7- 9 | 10-12 || total
-------------------------+-------+-------+-------+-------++-------
Melee: Mace              |     3 |       |       |       ||     3
       Constrict         |     1 |    27 |    51 |     4 ||    83
       Dagger            |       |   107 |   145 |    11 ||   263
       Tentacles         |       |    20 |    57 |     6 ||    83
       Whip              |       |       |    65 |     7 ||    72
       Falchion          |       |       |    22 |       ||    22
 Fire: Hand crossbow     |    94 |    77 |   118 |    18 ||   307
       Hunting sling     |       |     1 |       |       ||     1
Throw: Dart              |       |       |     1 |       ||     1
       Throwing net      |       |       |     1 |       ||     1
 Cast: Slow              |       |    19 |    51 |     2 ||    72
       Blink             |       |       |     2 |       ||     2
       Passage of Golubr |       |       |     1 |     5 ||     6
Evoke: Wand              |       |       |     5 |       ||     5
  Use: Potion            |       |       |     3 |     2 ||     5
       Scroll            |       |       |    11 |       ||    11
 Stab: Sleeping          |       |    17 |     3 |       ||    20
Armor: Skin              |     1 |     4 |     4 |     4 ||    13
Dodge: Dodged            |    19 |    58 |   121 |    15 ||   213
Block: Buckler           |       |       |    52 |     9 ||    61

Table legend: (Time is in decaauts)
 A = Elapsed time spent in this place.
 B = Non-inter-level travel time spent in this place.
 C = Inter-level travel time spent in this place.
 D = Time resting spent in this place.
 E = Time spent auto-exploring this place.
 F = Levels seen in this place.
 G = Mean time per level.
                   A        B        C        D        E       F      G
               +--------+--------+--------+--------+--------+-----+--------+
         Total |  12276 |  11319 |    957 |   3020 |   4506 |  10 | 1227.6 |
       Dungeon |  11205 |  10308 |    897 |   2740 |   4149 |   8 | 1400.6 |
        Temple |    252 |    192 |     60 |      0 |    169 |   1 |  252.0 |
         Sewer |    818 |    818 |      0 |    280 |    188 |   1 |  818.0 |
               +--------+--------+--------+--------+--------+-----+--------+

Top non-repeatable levels by time:
     D:5: 2245 daAuts
     D:4: 2100 daAuts
     D:2: 1788 daAuts
     D:6: 1217 daAuts
     D:3: 1053 daAuts
     D:1: 1029 daAuts
     D:7: 892 daAuts
     D:8: 877 daAuts
   Sewer: 818 daAuts
  Temple: 252 daAuts
